 Dungeon Crawl Stone Soup version 0.20.1-1-g8b1a95d (webtiles) character file.

205 happy2pester the Skirmisher (level 5, -2/70 HPs)
             Began as a Hill Orc Fighter on Dec 28, 2017.
             Slain by an ogre
             ... wielding a +0 giant spiked club
              (4 damage)
             ... on level 5 of the Dungeon.
             The game lasted 00:09:15 (3552 turns).

happy2pester the Skirmisher (Hill Orc Fighter)      Turns: 3552, Time: 00:09:16

Health: -2/70      AC: 22    Str: 17 (20) XL:     5   Next: 83%
Magic:  5/5        EV:  2    Int:  8      God:
Gold:   200        SH:  9    Dex: 10      Spells: 4/4 levels left

rFire    . . .     SeeInvis .   a - +1 flail
rCold    + . .     Gourm    .   c - +0 shield
rNeg     + + +     Faith    .   (armour currently unavailable)
rPois    +         Spirit   .   (helmet currently unavailable)
rElec    .         Reflect  .   (cloak currently unavailable)
rCorr    .         Harm     .   (gloves currently unavailable)
MR       .....     NoTele   +   (boots currently unavailable)
Stlth    +.........             (no amulet)
Regen    0.3/turn               q - ring of protection from cold
MPRegen  0.1/turn               (no ring)

@: tree-form
A: no striking features
a: no special abilities


You were on level 5 of the Dungeon.
You were not hungry.
You were a tree.
You visited 1 branch of the dungeon, and saw 5 of its levels.

You collected 200 gold pieces.

Inventory:

Hand Weapons
 a - a +1 flail (weapon)
 e - a +0 hunting sling
 k - a +0 whip of distortion
Missiles
 g - 12 sling bullets
Armour
 b - a +0 scale mail (melded)
 c - a +0 shield (worn)
 j - a +1 pair of gloves (melded)
Jewellery
 q - a ring of protection from cold (left branch)
Scrolls
 h - a scroll of teleportation
 i - 2 scrolls of identify
 m - a scroll of amnesia
 t - 2 scrolls of remove curse
Potions
 d - 2 potions of might
Books
 o - a book of Changes

   Spells                             Type                      Level
   a - Beastly Appendage              Transmutation                1
   b - Sticks to Snakes               Transmutation                2
   c - Spider Form                    Transmutation/Poison         3
   d - Ice Form                       Ice/Transmutation            4
   e - Blade Hands                    Transmutation                5
Comestibles
 f - 4 bread rations
 l - a meat ration
 n - 6 fruits
 p - 3 royal jellies
 r - 2 chunks of flesh


   Skills:
 + Level 4.6 Fighting
 + Level 3.4 Maces & Flails
 + Level 1.7 Slings
 + Level 4.3 Armour
 + Level 0.2 Dodging
 + Level 0.1 Stealth
 + Level 4.1 Shields


You had 4 spell levels left.
You didn't know any spells.

Dungeon Overview and Level Annotations

Branches:
Dungeon (5/15)
 Temple: D:4-7

Altars:
Okawaru
Yredelemnul


Message History

You block the quokka's attack.
You sock the quokka!
You kill the quokka!
The ogre hits you with a giant spiked club!
* * * LOW HITPOINT WARNING * * *
It was a potion of flight.
You feel very buoyant.
You fly up into the air.
Wield which item (- for none, * to show all)? (? for menu, Esc to quit)
Okay, then.
You turn into a tree.
Your +1 pair of gloves melds into your body.
Your +0 scale mail melds into your body.
Your roots penetrate the ground.
The ogre hits you with a giant spiked club!
* * * LOW HITPOINT WARNING * * *
You sock the ogre!
The ogre is heavily wounded.
The ogre hits you with a giant spiked club.
You die...

### ..# #.# # #
#.#.# .# #
#.#.##.((
..#####♣#......
.......O..(.#
............#
.......<....#
............#
............#
............#
............#
............#


You could see an ogre.

Vanquished Creatures
  A centaur skeleton (D:4)
  A worker ant (D:4)
  5 adders
  2 worms
  A dart slug (D:1)
  3 leopard geckos
  10 orcs (D:3)
  9 giant cockroaches
  11 goblins
  5 hobgoblins
  6 jackals
  3 quokkas
  7 bats
  A frilled lizard (D:3)
  9 kobolds
  7 rats
81 creatures vanquished.

Notes
Turn   | Place    | Note
-------+----------+-------------------------------------------
     0 | D:1      | happy2pester the Hill Orc Fighter began the quest for the Orb.
     0 | D:1      | Reached XP level 1. HP: 19/19 MP: 1/1
    98 | D:1      | Reached XP level 2. HP: 25/27 MP: 2/2
   544 | D:1      | Reached XP level 3. HP: 21/33 MP: 3/3
  1229 | D:2      | Reached XP level 4. HP: 40/40 MP: 4/4
  1294 | D:2      | Found a basalt altar of Yredelemnul.
  1359 | D:2      | Found a faded altar of an unknown god.
  1857 | D:3      | Found an iron altar of Okawaru.
  2113 | D:3      | Reached XP level 5. HP: 47/47 MP: 5/5
  2510 | D:3      | Reached skill level 1 in Slings
  3539 | D:5      | Entered Level 5 of the Dungeon
  3539 | D:5      | Noticed an ogre
  3551 | D:5      | HP: 2/70 [ogre/giant spiked club (14)]
  3552 | D:5      | Slain by an ogre

Skill      XL: |  1  2  3  4  5 |
---------------+----------------+-----
Fighting       | 4 |  4.6
Maces & Flails | 3 |  3.4
Armour         | 4 |  4.3
Shields        | 4 |  4.1
Slings         | 1 |  1.7
Dodging        | |  0.2
Stealth        | |  0.1

Action                   |  1- 3 |  4- 6 || total
-------------------------+-------+-------++-------
Melee: Flail             |   138 |   114 ||   252
 Fire: Hunting sling     |       |    46 ||    46
  Use: Scroll            |     1 |     8 ||     9
       Potion            |       |     7 ||     7
  Eat: Chunk             |     1 |     8 ||     9
Armor: Scale mail        |    75 |    67 ||   142
Dodge: Dodged            |    58 |    37 ||    95
Block: Shield            |    78 |    65 ||   143
